 Dungeon Crawl Stone Soup version 0.22-a0-542-gce4f928 (webtiles) character file.

29614 Lianjan the Grappler (level 13, -3/101 HPs)
             Began as a Troll Chaos Knight on June 25, 2018.
             Slain by a ghost moth (shapeshifter) (7 damage)
             ... on level 5 of the Lair of Beasts.
             The game lasted 00:43:31 (13448 turns).

Lianjan the Grappler (Troll Chaos Knight)          Turns: 13448, Time: 00:43:32

Health: -3/101     AC:  7    Str: 22 (23) XL:     13   Next: 16%
Magic:  0/21       EV: 11    Int:  6 (9)  God:    Xom [......]
Gold:   907        SH: 20    Dex: 12      Spells: 12/12 levels left

rFire    + . .     SeeInvis .     - Unarmed
rCold    . . .     Gourm    +   g - +2 shield
rNeg     + . .     Faith    .   h - +2 troll leather armour {Purgy}
rPois    +         Spirit   .   R - +0 hat
rElec    .         Reflect  +   (no cloak)
rCorr    +         Harm     .   (gloves unavailable)
MR       +....     Rnd*Rage +   (boots unavailable)
Stlth    ++........             r - +3 amulet of reflection
HPRegen  1.06/turn              I - ring of resist corrosion
MPRegen  0.17/turn              U - ring of Brilliance {rF+ rN+ MR+ MP+9 Slay+2}

@: no status effects
A: large, unfitting armour, claws 3, large bone plates 1, thin skeletal
structure 1, berserk 1, blurry vision 1, clumsy 1, deformed body, fast
metabolism 3, frail 2, gourmand, poison resistance, regeneration 1, shaggy fur
1, tough skin 2
a: Renounce Religion


You were on level 5 of the Lair of Beasts.
You worshipped Xom.
You were a very special plaything of Xom.
You were full.

You visited 2 branches of the dungeon, and saw 15 of its levels.
You also visited: Sewer.

You collected 907 gold pieces.

Inventory:

Missiles
 l - 457 stones
 s - 15 tomahawks
 y - 11 javelins (quivered)
Armour
 g - a +2 shield (worn)
 h - a +2 troll leather armour (worn) {Purgy}
 R - a +0 hat (worn)
Jewellery
 q - an uncursed ring of poison resistance
 r - a +3 amulet of reflection (around neck)
 v - an uncursed ring of positive energy
 x - an uncursed ring of ice
 z - an uncursed ring of protection from magic
 I - a ring of resist corrosion (left claw)
 T - a cursed amulet of rage
 U - the ring of Brilliance (right claw) {rF+ rN+ MR+ MP+9 Slay+2}
   (You found it on level 2 of the Lair of Beasts)

   [ring of protection from magic]

   It affects your accuracy and damage with ranged weapons and melee attacks
   (+2).
   It protects you from fire.
   It protects you from negative energy.
   It affects your resistance to hostile enchantments.
   It affects your magic capacity (+9).
Wands
 f - a wand of random effects (19)
 u - a wand of clouds (1)
 A - a wand of flame (35)
 F - a wand of disintegration (13)
 G - a wand of acid (2)
 W - a wand of polymorph (26)
Scrolls
 e - 17 scrolls of teleportation
 j - 5 scrolls of enchant weapon
 m - 3 scrolls of fog
 n - 4 scrolls of remove curse
 w - a scroll of fear
 B - 2 scrolls of identify
 C - 4 scrolls of blinking
 J - a scroll of holy word
 L - 2 scrolls of magic mapping
 O - 6 scrolls of amnesia
 P - a scroll of immolation
Potions
 a - 2 potions of flight
 c - 12 potions of curing
 d - 3 potions of magic
 i - 3 potions of haste
 k - 2 potions of resistance
 o - 2 potions of agility
 p - 4 potions of lignification
 t - 3 potions of might
 Q - 4 potions of brilliance
Comestibles
 b - 27 rations


   Skills:
 + Level 7.8 Fighting
 + Level 7.3 Throwing
 - Level 5.0 Dodging
 - Level 9.0 Shields
 + Level 14.8 Unarmed Combat


You had 12 spell levels left.
You didn't know any spells.
Your spell library contained the following spells:

 Spells                   Type           Power        Failure   Level  Hunger
 Stone Arrow              Conj/Erth      #.....       86%         3    ####...
 Passwall                 Tmut/Erth      #.......     65%         2    ###....
 Lee's Rapid Deconstruct  Erth           #.........   100%        5    ######.
 Sandblast                Erth           #.....       50%         1    ##.....
 Petrify                  Tmut/Erth      #.......     99%         4    #####..


Dungeon Overview and Level Annotations

Branches:
Dungeon (10/15)            Temple (0/1) D:5            Lair (5/6) D:9
  Swamp (0/4) Lair:3       Spider (0/4) Lair:4          Orc (0/2) D:10
  Slime: Lair:5-6

Altars:
Dithmenos
Elyvilon
Gozag
Hepliaklqana
Kikubaaqudgha
Nemelex Xobeh
Okawaru
Qazlal
Ru
Uskayaw
Wu Jian
Xom
Zin
The Shining One

Shops:
D:9 ::}[?

Annotations:
D:10 1 runed door, Uniporpoise's ghost, novice DsBe
Lair:1 exclusion: 3 oklob plants


Innate Abilities, Weirdness & Mutations

You are too large for most types of armour.
You have claws for hands.
Your metabolism is lightning-fast.
You like to eat raw meat.
Your natural rate of healing is unusually fast.
You are covered in fur. (AC +1)
You have very tough skin. (AC +2)
You are partially covered in large bone plates. (SH +4)
You have a somewhat thin skeletal structure. (Dex +2, Stealth)
You tend to lose your temper in combat.
Scrolls take you a little longer to read.
You are clumsy. (Dex -2)
Armour fits poorly on your strangely shaped body.
You are very frail. (-20% HP)
Your system is resistant to poisons. (rPois)


Message History

* * * LOW HITPOINT WARNING * * *
You feel you are being watched by something.
You feel your power leaking away.
You feel you are being watched by something.
You miss something. Something hits you!
* * * LOW HITPOINT WARNING * * *
You feel dopey. Something hits you but does no damage.
Something stings you but does no damage.
You claw something! You block something's attack. Something hits you.
* * * LOW HITPOINT WARNING * * *
You feel weakened.
Something stings you but does no damage.
You closely miss something. Something hits you!
* * * LOW HITPOINT WARNING * * *
Something hits you.
* * * LOW HITPOINT WARNING * * *
You feel dopey. Something stings you!
You die...

...................≈≈≈≈≈.
...............######≈###
...............# ≈≈#
..........†....## #≈
...............P# #....
.........[......# #....
................# #....
................# #....
........##....@.# #....
.........P....{.###########....
.................##.#...........
................####............
...............# ##............
.#.............###.#...........
...#...............#............
...##...........................
.......#....................P.P.


There were no monsters in sight!

Vanquished Creatures
  Gastronok (Lair:1)
  Josephine (Lair:4)
  4 hydras
  Erica (Lair:2)
  5 two-headed ogres
  Nergalle (Lair:2)
  2 black mambas
  8 spiny frogs
  5 komodo dragons
  8 blink frogs
  8 hippogriffs
  4 wraiths
  Eustachio (D:6)
  19 yaks
  A basilisk (Lair:3)
  3 vampire mosquitoes (Lair:3)
  2 wargs (D:9)
  13 water moccasins
  Purgy (Sewer)
  8 porcupines
  A black bear (D:6)
  2 ice beasts
  3 sky beasts
  A phantom (D:9)
  3 ogres
  7 necrophages
  7 orc warriors
  9 wolves
  4 crocodiles
  10 bullfrogs
  5 scorpions
  A water moccasin skeleton (D:8)
  7 wights
  5 killer bees
  An electric eel (Lair:4)
  6 crimson imps
  A jelly (D:9)
  A quasit (D:7)
  6 hounds
  6 orc wizards
  2 bullfrog skeletons
  A bullfrog zombie (D:6)
  8 orc priests
  A centaur skeleton (D:5)
  Jessica (D:2)
  4 iguanas
  Natasha (thrice) (D:2)
  13 worker ants
  A hound zombie (D:6)
  A hound skeleton (D:4)
  2 worker ant zombies
  Robin (D:2)
  8 gnolls
  A howler monkey skeleton (D:4)
  9 adders
  A river rat (D:4)
  3 shadow imps
  An ooze (D:1)
  3 worms
  5 leopard geckos
  25 orcs
  2 ball pythons
  10 giant cockroaches
  17 goblins
  18 hobgoblins
  18 jackals
  9 kobolds
  5 quokkas
  5 bats
  7 frilled lizards
  A jackal skeleton (D:5)
  A leopard gecko skeleton (D:7)
  6 rats
375 creatures vanquished.

Vanquished Creatures (collateral kills)
  Prince Ribbit (D:6)
  A blink frog (Lair:1)
2 creatures vanquished.

Vanquished Creatures (others)
  Joseph (D:9)
  A troll (D:9)
  An orc warrior (D:9)
  A bullfrog (D:9)
  A scorpion (D:9)
  An adder skeleton (D:9)
  3 fungi
  4 plants
13 creatures vanquished.

Grand Total: 390 creatures vanquished

Notes
Turn   | Place    | Note
-------+----------+-------------------------------------------
     0 | D:1      | Lianjan the Troll Chaos Knight began the quest for the Orb.
     0 | D:1      | Reached XP level 1. HP: 22/22 MP: 0/0
    26 | D:1      | XOM: harmless Necr miscast
   175 | D:1      | XOM: harmless Necr miscast
   216 | D:1      | Reached XP level 2. HP: 27/29 MP: 1/1
   454 | D:1      | XOM: divination: detect creatures
   740 | D:1      | Reached XP level 3. HP: 36/36 MP: 2/2
  1083 | D:1      | XOM: harmless Air miscast
  1272 | D:2      | Reached XP level 4. HP: 38/44 MP: 3/3
  1277 | D:2      | Reached skill level 4 in Unarmed Combat
  1285 | D:2      | Reached skill level 1 in Shields
  1456 | D:2      | Noticed Natasha
  1465 | D:2      | Killed Natasha
  1554 | D:2      | Noticed Robin
  1570 | D:2      | Noticed Natasha
  1577 | D:2      | XOM: chaos upgrade
  1604 | D:2      | Reached XP level 5. HP: 50/53 MP: 4/4
  1616 | D:2      | Killed Robin
  1679 | D:2      | Killed Natasha
  1690 | D:2      | Noticed Jessica
  1699 | D:2      | Killed Jessica
  1846 | D:2      | Found a hide-covered altar of Uskayaw.
  1896 | D:2      | Noticed Natasha
  1902 | D:2      | Killed Natasha
  1982 | D:3      | Found an opulent altar of Gozag.
  1983 | D:3      | Found an ancient bone altar of Kikubaaqudgha.
  2106 | D:3      | Found a sacrificial altar of Ru.
  2212 | D:3      | XOM is BORED!
  2212 | D:3      | XOM: mild Fire miscast
  2303 | D:3      | XOM: noise
  2304 | D:3      | Reached skill level 5 in Unarmed Combat
  2304 | D:3      | Reached XP level 6. HP: 56/61 MP: 5/5
  2394 | D:3      | XOM: enchant monster (bad)
  2403 | D:3      | Found an iron altar of Okawaru.
  2717 | D:3      | XOM: harmless Erth miscast
  2923 | D:4      | Noticed an ice beast
  2924 | D:4      | XOM: 2-stop teleportation journey
  2928 | D:4      | XOM: enchant monster (bad)
  3002 | D:4      | Found a glowing drain.
  3025 | Sewer    | Entered a sewer
  3083 | Sewer    | Noticed Purgy
  3085 | Sewer    | XOM: 1-stop teleportation journey
  3092 | Sewer    | Killed Purgy
  3092 | Sewer    | Reached XP level 7. HP: 65/68 MP: 6/6
  3167 | D:4      | Reached skill level 6 in Unarmed Combat
  3232 | D:4      | XOM: 2-stop teleportation journey
  3255 | D:4      | Found an ornate altar of the Wu Jian Council.
  3316 | D:4      | XOM: 10-stop teleportation journey
  3879 | D:4      | XOM: god gift: scroll of teleportation
  3945 | D:5      | Entered Level 5 of the Dungeon
  4060 | D:5      | XOM is BORED!
  4060 | D:5      | XOM: mild Air miscast
  4081 | D:5      | Reached skill level 7 in Unarmed Combat
  4123 | D:5      | Found a stormy altar of Qazlal.
  4130 | D:5      | Found a staircase to the Ecumenical Temple.
  4205 | D:5      | Reached XP level 8. HP: 71/79 MP: 7/7
  4283 | D:5      | XOM: god gift: leather armour {god gift}
  4354 | D:5      | XOM: scenery: create altars
  4593 | D:5      | XOM: harmless Hex miscast
  4774 | D:5      | XOM: god gift: 2 potions of lignification
  4894 | D:6      | XOM: harmless Tmut miscast
  4929 | D:6      | Noticed Eustachio
  4932 | D:6      | Noticed Prince Ribbit
  4939 | D:6      | Killed Eustachio
  4939 | D:6      | Reached skill level 8 in Unarmed Combat
  4942 | D:6      | XOM: summons 8 friendly demons
  4948 | D:6      | Killed Prince Ribbit
  4948 | D:6      | Reached skill level 5 in Fighting
  5030 | D:6      | Gained mutation: You tend to lose your temper in combat. [potion of mutation]
  5030 | D:6      | Gained mutation: You are frail. (-10% HP) [potion of mutation]
  5030 | D:6      | Gained mutation: You have a somewhat thin skeletal structure. (Dex +2, Stealth) [potion of mutation]
  5057 | D:6      | XOM: noise
  5093 | D:6      | XOM: 1-stop teleportation journey
  5219 | D:6      | XOM: give mutations
  5219 | D:6      | Gained mutation: You are clumsy. (Dex -2) [Xom's mischief]
  5219 | D:6      | Gained mutation: Scrolls take you a little longer to read. [Xom's mischief]
  5219 | D:6      | Gained mutation: You are very frail. (-20% HP) [Xom's mischief]
  5219 | D:6      | Gained mutation: Armour fits poorly on your strangely shaped body. [Xom's mischief]
  5288 | D:6      | XOM: noise
  5294 | D:6      | Reached XP level 9. HP: 70/70 MP: 8/8
  5456 | D:7      | Reached skill level 9 in Unarmed Combat
  5549 | D:7      | XOM: enchant monster (bad)
  5719 | D:7      | Found a hazy altar of Hepliaklqana.
  5909 | D:7      | XOM: polymorph shadow imp -> crimson imp
  6158 | D:8      | Noticed a two-headed ogre
  6166 | D:8      | XOM: draining
  6170 | D:8      | Killed a two-headed ogre
  6170 | D:8      | Reached skill level 5 in Shields
  6171 | D:8      | Reached skill level 10 in Unarmed Combat
  6357 | D:8      | XOM: confusion
  6464 | D:8      | Found a sparkling altar of Nemelex Xobeh.
  6465 | D:8      | XOM is BORED!
  6465 | D:8      | XOM: medium Chrm miscast
  6509 | D:8      | XOM: potion effect (agility)
  6780 | D:9      | Killed a troll
  6796 | D:9      | Found Nedamum's Book Shoppe.
  6803 | D:9      | Killed Joseph
  6811 | D:9      | Found a white marble altar of Elyvilon.
  6811 | D:9      | Found a glowing golden altar of the Shining One.
  6811 | D:9      | Found a glowing silver altar of Zin.
  6828 | D:9      | Noticed a two-headed ogre
  6839 | D:9      | Killed a two-headed ogre
  6839 | D:9      | Reached XP level 10. HP: 76/76 MP: 9/9
  6861 | D:9      | Reached skill level 5 in Dodging
  6865 | D:9      | Found a shadowy altar of Dithmenos.
  7014 | D:9      | Noticed a two-headed ogre
  7023 | D:9      | XOM: potion effect (agility)
  7038 | D:9      | Killed a two-headed ogre
  7038 | D:9      | Reached skill level 11 in Unarmed Combat
  7059 | D:9      | Noticed a two-headed ogre
  7076 | D:9      | Killed a two-headed ogre
  7121 | D:9      | Found a shimmering altar of Xom.
  7125 | D:9      | Found a staircase to the Lair.
  7132 | D:9      | XOM: enchant monster (good)
  7140 | D:9      | XOM: confuse monster(s)
  7143 | D:9      | Reached skill level 12 in Unarmed Combat
  7176 | D:9      | Found Vuduck's Armour Shoppe.
  7211 | D:9      | Found Ranuumapa's Book Shop.
  7211 | D:9      | Found Tyckat's Gadget Shoppe.
  7278 | D:9      | Found Jenus's Magic Scroll Shoppe.
  7431 | D:10     | Entered Level 10 of the Dungeon
  7462 | D:10     | Found a runed door.
  7462 | D:10     | Noticed Uniporpoise's ghost (novice DsBe)
  7471 | D:10     | XOM: medium Summ miscast
  7581 | D:10     | XOM: scenery: 1 doors open
  7582 | D:10     | XOM: blink monster(s)
  7742 | D:10     | Noticed a two-headed ogre
  7752 | D:10     | Killed a two-headed ogre
  7752 | D:10     | Reached XP level 11. HP: 25/81 MP: 10/10
  7948 | D:10     | XOM: scenery: 1 doors close
  8164 | D:10     | XOM: cleaving
  8237 | D:10     | XOM: smoke on damage
  8275 | D:10     | Reached skill level 13 in Unarmed Combat
  8308 | D:10     | Found a staircase to the Orcish Mines.
  8353 | D:10     | XOM: give mutations
  8353 | D:10     | Gained mutation: You are partially covered in large bone plates. (SH +4) [Xom's grace]
  8353 | D:10     | Gained mutation: Your system is resistant to poisons. (rPois) [Xom's grace]
  8450 | Lair:1   | Entered Level 1 of the Lair of Beasts
  8484 | Lair:1   | Noticed Gastronok
  8517 | Lair:1   | Killed Gastronok
  8517 | Lair:1   | Reached skill level 1 in Throwing
  8528 | Lair:1   | XOM: fog
  8548 | Lair:1   | XOM: harmless Ice miscast
  8593 | Lair:1   | XOM: divination: detect items
  8619 | Lair:1   | XOM: smoke on damage
  8620 | Lair:1   | XOM: summons friendly shadow imp
  8754 | Lair:1   | Noticed a six-headed hydra
  8757 | Lair:1   | XOM: silly message
  8769 | Lair:1   | Killed a six-headed hydra
  8821 | Lair:1   | XOM: mild Fire miscast
  8844 | Lair:1   | Noticed an oklob plant
  8844 | Lair:1   | XOM: mild Summ miscast
  8845 | Lair:1   | Noticed an oklob plant
  8850 | Lair:1   | Noticed an oklob plant
  8850 | Lair:1   | XOM: harmless Tmut miscast
  8997 | Lair:1   | XOM: noise
  9063 | Lair:1   | XOM: mild Erth miscast
  9356 | Lair:1   | Reached XP level 12. HP: 86/88 MP: 11/11
  9420 | Lair:1   | XOM: cast spell 'Summon Mana Viper'
  9500 | Lair:2   | Noticed Nergalle
  9511 | Lair:2   | Killed Nergalle
  9631 | Lair:2   | Noticed Erica
  9636 | Lair:2   | Killed Erica
  9636 | Lair:2   | Reached skill level 5 in Throwing
  9717 | Lair:2   | Got a heavily runed granite ring
  9735 | Lair:2   | Identified the ring of Brilliance {rF+ rN+ MR+ MP+9 Slay+2} (You found it on level 2 of the Lair of Beasts)
  9821 | Lair:2   | XOM: confusion
 10018 | Lair:3   | Noticed an eight-headed hydra
 10160 | Lair:3   | Reached skill level 14 in Unarmed Combat
 10372 | Lair:3   | XOM is BORED!
 10372 | Lair:3   | XOM: medium Ice miscast
 10526 | Lair:3   | XOM: polymorph porcupine -> water moccasin
 10582 | Lair:3   | XOM: confuse monster(s)
 10677 | Lair:3   | Found a staircase to the Swamp.
 10707 | Lair:3   | XOM: enchant monster (bad)
 10857 | Lair:3   | XOM: harmless Pois miscast
 11029 | Lair:3   | XOM: divination: magic mapping
 11191 | Lair:3   | XOM: harmless Chrm miscast
 11606 | Lair:4   | Found a hole to the Spider Nest.
 11787 | Lair:4   | XOM: cloud trail
 12051 | Lair:4   | Noticed a six-headed hydra
 12173 | Lair:4   | XOM: confuse monster(s)
 12229 | Lair:4   | XOM: cast spell 'Summon Small Mammal'
 12238 | Lair:4   | Killed a six-headed hydra
 12402 | Lair:4   | Noticed a four-headed hydra
 12426 | Lair:4   | Killed a four-headed hydra
 12426 | Lair:4   | Reached XP level 13. HP: 8/99 MP: 12/12
 12600 | Lair:4   | XOM: god gift: glowing golden ring {god gift}
 12921 | Lair:4   | XOM: harmless Ice miscast
 13063 | Lair:5   | XOM: mild Erth miscast
 13086 | Lair:5   | XOM: confuse monster(s)
 13096 | Lair:4   | XOM: cast spell 'Summon Ice Beast'
 13267 | Lair:5   | Noticed Josephine
 13277 | Lair:4   | Killed Josephine
 13301 | Lair:5   | XOM: silly message
 13355 | Lair:5   | XOM: harmless Air miscast
 13362 | Lair:5   | XOM: cleaving
 13364 | Lair:5   | XOM: cast spell 'Call Canine Familiar'
 13411 | Lair:5   | XOM: polymorph eight-headed hydra -> tyrant leech
 13448 | Lair:5   | HP: 4/101 [something (2)]
 13448 | Lair:5   | Slain by a ghost moth (shapeshifter)

Vault maps used:
D:1:      denvon_arrival_waterhouse, minmay_circled_x
D:2:      lemuel_doored_altar, uniq_natasha, uniq_robin, uniq_jessica
D:3:      nicolae_ru_great_annihilating_truth, okawaru_altar_gauntlet_db,
          gammafunk_temple_overflow_pools, first_ration
D:4:      overflow_temple_1_default, gup_sewer_entry_bubbles,
          grunt_ministairs_3, hangedman_abyss_or_decor_stagger
D:5:      temple_green, basic_altar
D:6:      minmay_misc_feat_hallway, glass_columns_c, uniq_prince_ribbit1,
          uniq_eustachio
D:7:      lemuel_coloured_pillars_altar
D:8:      nemelex_altar_shiori
D:9:      good_gods_mini_temple, xom_confusion_cloud, grunt_dithmenos_shadows,
          erik_lair_orcish_takeover, serial_shops, shop, kennysheep_mini,
          nicolae_shop_statue_plus, nicolae_shop_statue_plus, shop, uniq_joseph
D:10:     david_orc_4, gammafunk_ghost_grave
Lair:1:   grunt_megastairs_4, minmay_lair_oklob_chamber, uniq_gastronok
Lair:2:   serial_bayou_shore_a, serial_bayou_shore_b, uniq_nergalle, uniq_erica
Lair:3:   minmay_swamp_entry_swarm, roderic_carrion_pond
Lair:4:   nicolae_spider_entry_non_spiders, minmay_hedge_maze,
          serial_bayou_shore_b, lemuel_fruit_fields,
          infiniplex_staircase_pool_2, grunt_megastairs_2, serial_bayou_shore_b
Lair:5:   lemuel_reptile_caves, lemuel_another_geyser, uniq_josephine
Sewer:    sewer_co_purgy_island

Skill      XL: |  1  2  3  4  5  6  7  8  9 10 11 12 13 |
---------------+----------------------------------------+-----
Dodging        | 2 3 4 5 |  5.0
Unarmed Combat | 4 5 7 8 10 12 13 14 | 14.8
Shields        | 1 2 3 4 5 7 9 |  9.0
Fighting       | 3 4 5 7 |  7.8
Throwing       | 4 6 7 |  7.3

Action                   |  1- 3 |  4- 6 |  7- 9 | 10-12 | 13-15 || total
-------------------------+-------+-------+-------+-------+-------++-------
Melee: Unarmed           |   102 |   221 |   282 |   560 |    56 ||  1221
Throw: Javelin           |       |       |       |     4 |     4 ||     8
       Stone             |       |       |       |    10 |       ||    10
       Large rock        |       |       |       |     6 |     3 ||     9
Evoke: Wand              |       |       |     1 |    10 |     4 ||    15
  Use: Scroll            |       |    13 |     9 |    12 |     3 ||    37
       Potion            |       |     1 |     1 |     4 |       ||     6
 Stab: Paralysed         |       |     1 |       |       |       ||     1
       Sleeping          |       |     1 |     1 |     2 |       ||     4
       Distracted        |       |       |     1 |     1 |       ||     2
       Confused          |       |       |       |     2 |       ||     2
       Invisible         |       |       |       |       |     1 ||     1
  Eat: Chunk             |    17 |    17 |    35 |    51 |     7 ||   127
Armor: Robe              |    27 |    69 |       |       |       ||    96
       Troll leather arm |       |       |    56 |    56 |    12 ||   124
Dodge: Dodged            |    31 |    62 |    61 |   141 |    18 ||   313
Block: Shield            |    34 |   133 |   164 |   381 |    68 ||   780
       Reflection        |       |     9 |       |       |       ||     9

Table legend:
 A = Spawn XP
 B = Non-spawn XP
 C = Spawn XP percentage of total XP
 D = Spawn monster count
 E = Non-spawn monster count
 F = Spawn count percentage of total count
 G = Total turns spent on level
                    A         B        C        D         E        F      G
               +---------+---------+-------+---------+---------+-------+---------
         Total |       0 |   42306 |   0.0 |       0 |     377 |   0.0 | 13448
               +---------+---------+-------+---------+---------+-------+---------
           D:1 |       0 |      56 |   0.0 |       0 |      28 |   0.0 |  1200
           D:2 |       0 |     279 |   0.0 |       0 |      36 |   0.0 |   761
           D:3 |       0 |     116 |   0.0 |       0 |      29 |   0.0 |   902
           D:4 |       0 |     645 |   0.0 |       0 |      27 |   0.0 |   980
           D:5 |       0 |     389 |   0.0 |       0 |      14 |   0.0 |   899
           D:6 |       0 |    1256 |   0.0 |       0 |      17 |   0.0 |   530
           D:7 |       0 |     692 |   0.0 |       0 |      21 |   0.0 |   792
           D:8 |       0 |    1444 |   0.0 |       0 |      13 |   0.0 |   598
           D:9 |       0 |    4657 |   0.0 |       0 |      33 |   0.0 |   720
          D:10 |       0 |    3541 |   0.0 |       0 |      37 |   0.0 |   986
        Lair:1 |       0 |    9430 |   0.0 |       0 |      35 |   0.0 |  1038
        Lair:2 |       0 |    4192 |   0.0 |       0 |      14 |   0.0 |   767
        Lair:3 |       0 |    4617 |   0.0 |       0 |      25 |   0.0 |  1329
        Lair:4 |       0 |    8893 |   0.0 |       0 |      36 |   0.0 |  1664
        Lair:5 |       0 |    1936 |   0.0 |       0 |       6 |   0.0 |   180
         Sewer |       0 |     163 |   0.0 |       0 |       6 |   0.0 |   102
               +---------+---------+-------+---------+---------+-------+---------
